 Dungeon Crawl Stone Soup version 0.17.1-3-g152610e (webtiles) character file.

27 juanjsm the Sneak (level 2, 0/13 HPs)
             Began as a Spriggan Enchanter on Apr 20, 2016.
             Slain by an adder (4 damage)
             ... on level 2 of the Dungeon.
             The game lasted 00:03:29 (683 turns).

juanjsm the Sneak (Spriggan Enchanter)               Turns: 683, Time: 00:03:30

Health: 0/13       AC:  3    Str:  4    XL:     2   Next: 93%
Magic:  1/6        EV: 18    Int: 16    God:
Gold:   43         SH:  0    Dex: 16    Spells: 2 memorised, 3 levels left

rFire  . . .     SeeInvis +     a - +1 dagger
rCold  . . .     Clarity  .     b - +1 robe
rNeg   . . .     SustAt   .     (shield restricted)
rPois  .         Gourm    .     (helmet restricted)
rElec  .         Spirit   .     (no cloak)
rCorr  .         Warding  .     (gloves unavailable)
rMut   .         Stasis   .     (boots unavailable)
MR     .....                    (no amulet)
Stlth  +++.......               (no ring)
                                (no ring)

@: lethally poisoned (0 -> -4), very quick, not resistant to hostile
enchantments, fairly stealthy
A: unfitting armour, see invisible, herbivore 3, speed 3, slow metabolism 2
a: no special abilities


You were on level 2 of the Dungeon.
You were not hungry.

You visited 1 branch of the dungeon, and saw 2 of its levels.

You collected 43 gold pieces.

Inventory:

Hand Weapons
 a - a +1 dagger (weapon)
Armour
 b - a +1 robe (worn)
Scrolls
 e - 2 scrolls of teleportation {unknown}
 h - a scroll of fog {unknown}
 j - 2 scrolls of identify {unknown}
 n - 2 scrolls of enchant weapon {unknown}
Potions
 f - a potion of magic {unknown}
 g - a potion of cancellation {unknown}
 i - a potion of haste {unknown}
 k - a potion of curing {unknown}
 m - a potion of agility {unknown}
Books
 c - a book of Maledictions

   Spells                             Type                      Level
   a - Corona                         Hexes                        1
   b - Ensorcelled Hibernation        Hexes/Ice                    2
   c - Confuse                        Hexes                        3
   d - Tukima's Dance                 Hexes                        3
   e - Dazzling Spray                 Conjuration/Hexes            3
Comestibles
 d - 2 bread rations
 l - a slice of pizza


   Skills:
 + Level 1.1 Short Blades
 + Level 3.0 Dodging
 + Level 5.6 Stealth
 + Level 2.9 Spellcasting
 + Level 4.1 Hexes


You had 3 spell levels left.
You knew the following spells:

 Your Spells              Type           Power        Failure   Level  Hunger
a - Corona                Hex            ###....      4%          1    #......
b - Ensorcelled Hibernat  Hex/Ice        #.....       14%         2    ##.....


Dungeon Overview and Level Annotations

Branches:
Dungeon (2/15)

Altars:

Annotations:
D:2 Sigmund


Innate Abilities, Weirdness & Mutations

You are tiny and cannot use many weapons and most armour.
You have supernaturally acute eyesight.
You are a herbivore.
You cover ground extremely quickly.
You need consume almost no food.


Message History

The adder bites you but does no damage.
You closely miss the adder. The adder bites you but does no damage.
You barely miss the adder. The adder misses you.
You completely miss the adder. The adder misses you.
You miss the adder. The adder bites you. The adder closely misses you.
You hit the adder.
The adder is moderately wounded.
The adder closely misses you.
You miss the adder.
The adder is moderately wounded.
The adder bites you.
You are poisoned.
The adder poisons you!
You closely miss the adder.
The adder is moderately wounded.
You feel sick. The adder bites you.
You closely miss the adder.
The adder is moderately wounded.
The adder misses you. The adder bites you.
You die...

#.. #.# #.. #.# #..
#.# #.. #.# #r. #.#
##?. #.# #...
#########.########...
+...@Sr...........r..
##################..#
#..# #..# #..# #<.#
#... #.## ###


You could see an adder and a rat.

Vanquished Creatures
  2 giant geckos (D:1)
  2 giant cockroaches (D:1)
  3 goblins (D:1)
  2 hobgoblins (D:1)
  4 kobolds (D:1)
  2 ball pythons (D:1)
  4 bats (D:1)
  2 giant newts (D:1)
  2 rats
23 creatures vanquished.

Notes
Turn   | Place    | Note
--------------------------------------------------------------
     0 | D:1      | juanjsm the Spriggan Enchanter began the quest for the Orb.
     0 | D:1      | Reached XP level 1. HP: 9/9 MP: 5/5
   190 | D:1      | Reached XP level 2. HP: 5/13 MP: 3/6
   194 | D:1      | Learned a level 2 spell: Ensorcelled Hibernation
   226 | D:1      | Reached skill level 5 in Stealth
   650 | D:2      | Noticed Sigmund
   683 | D:2      | Slain by an adder

Action                   || total
-------------------------++-------
Melee: Dagger            ||    60
 Cast: Corona            ||     6
       Ensorcelled Hiber ||     9
 Stab: Sleeping          ||    13
